 Dungeon Crawl Stone Soup version 0.25-a0-1136-gc1285e62ab (webtiles) character file.

Game seed: 14891740839879835190, levelgen mode: deterministic

47 P0NYSLAYSTATION the Cudgeler (level 3, -2/34 HPs)
             Began as a Minotaur Monk on May 23, 2020.
             Slain by an orc
             ... wielding a +0 trident
              (5 damage)
             ... on level 5 of the Dungeon.
             The game lasted 00:04:40 (889 turns).

P0NYSLAYSTATION the Cudgeler (Minotaur Monk)         Turns: 889, Time: 00:04:40

Health: -2/34      AC:  5    Str: 14 (16) XL:     3   Next: 48%
Magic:  2/2        EV: 11    Int:  6 (7)  God:
Gold:   132        SH:  0    Dex:  9 (12) Spells: 2/2 levels left

rFire    . . .     SeeInvis .   a - +0 mace
rCold    . . .     Gourm    .   (no shield)
rNeg     . . .     Faith    .   e - +0 ring mail
rPois    .         Spirit   .   (helmet restricted)
rElec    .         Reflect  .   (no cloak)
rCorr    .         Harm     .   (no gloves)
MR       .....                  (no boots)
Stlth    +.........             (no amulet)
HPRegen  0.11/turn              (no ring)
MPRegen  0.08/turn              (no ring)

@: no status effects
A: retaliatory headbutt, horns 2
a: no special abilities


You were on level 5 of the Dungeon.
You were not hungry.

You visited 1 branch of the dungeon, and saw 5 of its levels.

You collected 132 gold pieces.

Inventory:

Hand Weapons
 a - a +0 mace (weapon)
Missiles
 k - 8 boomerangs (quivered)
Armour
 b - a +0 robe
 e - a +0 ring mail (worn)
Scrolls
 d - a scroll of random uselessness {unknown}
 h - 7 scrolls of identify {unknown}
 i - a scroll of fear {unknown}
 j - a scroll of immolation {unknown}
 l - a scroll of enchant weapon {unknown}
Potions
 g - a potion of degeneration
Comestibles
 c - 5 rations


   Skills:
 + Level 4.3 Fighting
 + Level 4.3 Maces & Flails
 + Level 3.9 Dodging
 + Level 1.6 Stealth


You had 2 spell levels left.
You didn't know any spells.
Your spell library was empty.

Dungeon Overview and Level Annotations

Branches:
Dungeon (5/15)
 Temple: D:4-7

Altars:
Dithmenos

Annotations:
D:3 1 runed translucent door, Holzbalken's ghost, weakling HOMo


Innate Abilities, Weirdness & Mutations

You reflexively headbutt those who attack you in melee.
You have a pair of horns on your head.


Message History

Aim: an orc, wielding a +0 falchion
Okay, then.
You barely miss the orc. The orc hits you but does no damage.
You hit the orc. Your headbutt misses the orc.
The orc is heavily wounded.
The orc barely misses you.
The orc hits you from afar with a +0 trident.
* * * LOW HITPOINT WARNING * * *
You hit the orc.
You kill the orc!
The orc hits you from afar with a +0 trident.
* * * LOW HITPOINT WARNING * * *
The orc misses you.
You hit the orc.
The orc is moderately wounded.
The orc barely misses you. You furiously retaliate!
You headbutt the orc. You hit the orc but do no damage.
The orc is heavily wounded.
The orc hits you with a +0 trident.
You die...

#### #######
######..#######...#.##
##...........o@.......#
#..........####)......##
#..........# #....##..#
##........## #...###..##
##.......# #..## ##..#
##......# #### ##..##
##.....# ###....###
#####.# ##........## #.#
##..........#


You could see an orc.

Vanquished Creatures
  Jessica (D:2)
  A worm (D:3)
  A dart slug (D:2)
  2 orcs
  A giant cockroach (D:4)
  2 goblins (D:1)
  A kobold (D:2)
  A quokka (D:3)
  A bat (D:3)
  A frilled lizard (D:1)
  4 rats
16 creatures vanquished.

Notes
Turn   | Place    | Note
-------+----------+-------------------------------------------
     0 | D:1      | P0NYSLAYSTATION the Minotaur Monk began the quest for the
                  | Orb.
     0 | D:1      | Reached XP level 1. HP: 19/19 MP: 0/0
   169 | D:2      | Found a shadowy altar of Dithmenos.
   169 | D:2      | Noticed Jessica
   173 | D:2      | Killed Jessica
   173 | D:2      | Reached XP level 2. HP: 22/27 MP: 1/1
   173 | D:2      | Reached XP level 3. HP: 27/33 MP: 2/2
   319 | D:3      | Found a runed translucent door.
   319 | D:3      | Noticed Holzbalken's ghost (weakling HOMo)
   377 | D:3      | Noticed a steam dragon
   377 | D:3      | Noticed a water moccasin
   801 | D:5      | Entered Level 5 of the Dungeon
   889 | D:5      | Slain by an orc

Illustrated notes

Levels and vault maps discovered:
D:1:      scummos_arrival_gate, layout_loops_cross
D:2:      layout_loops_ring, old_standard_altar, first_ration, uniq_jessica,
          uniq_terence
D:3:      layout_loops_corners, marbit_many_paths, tso_altar,
          chequers_ecumenical_altar_simple, gammafunk_ghost_grave,
          lightli_corner_chamber
D:4:      layout_gridville, minmay_bent, uniq_blork_the_orc, uniq_ijyb
D:5:      layout_cave_pods, st_stairs_9, uniq_pikel

Skill      XL: |  1 |
---------------+----+-----
Fighting       | 4 |  4.3
Maces & Flails | 4 |  4.3
Dodging        | |  3.9
Stealth        | |  1.6

Action                   || total
-------------------------++-------
Melee: Mace              ||    48
       Headbutt          ||     6
  Use: Potion            ||     1
 Stab: Sleeping          ||     1
Armor: Ring mail         ||     9
       Robe              ||     2
Dodge: Dodged            ||    28

Table legend:
 A = Non-vault XP
 B = Vault XP
 C = Vault XP percentage of total XP
 D = Non-vault monster count
 E = Vault monster count
 F = Vault count percentage of total count
                 A         B        C        D         E       F
            +---------+---------+-------+---------+---------+-------
      Total |      31 |      37 |  54.4 |      15 |       1 |   6.2
            +---------+---------+-------+---------+---------+-------
        D:1 |       7 |       0 |   0.0 |       5 |       0 |   0.0
        D:2 |       6 |      37 |  86.0 |       2 |       1 |  33.3
        D:3 |      13 |       0 |   0.0 |       6 |       0 |   0.0
        D:4 |       2 |       0 |   0.0 |       1 |       0 |   0.0
        D:5 |       3 |       0 |   0.0 |       1 |       0 |   0.0
            +---------+---------+-------+---------+---------+-------
